 Dungeon Crawl Stone Soup version 0.29.1-1-gd02db6906a (webtiles) character file.

Game seed: 12478132737044628891

45 MisterFreud the Twirler (level 3, 0/24 HPs)
             Began as a Formicid Gladiator on Oct 10, 2022.
             Slain by a goblin
             ... wielding a +0 dagger
             ... led by Robin
              (5 damage)
             ... on level 2 of the Dungeon.
             The game lasted 00:01:28 (1502 turns).

MisterFreud the Twirler (Formicid Gladiator)        Turns: 1502, Time: 00:01:28

Health: 0/24       AC:  4    Str: 20    XL:     3   Next: 90%
Magic:  3/3        EV: 12    Int:  7    God:
Gold:   96         SH:  0    Dex: 15    Spells: 2/2 levels left

rFire   . . .      SeeInvis +   a - +1 quarterstaff
rCold   . . .      Faith    .   (no shield)
rNeg    . . .      Spirit   .   b - +1 leather armour
rPois   .          Reflect  .   (helmet unavailable)
rElec   .          Harm     .   (no cloak)
rCorr   .          Rampage  .   (no gloves)
Will    .....                   (no boots)
Stlth   +.........              (no amulet)
HPRegen 0.08/turn               (no ring)
MPRegen 0.08/turn               (no ring)

@: mighty, lethally poisoned (0 -> -5)
A: permanent stasis, dig shafts and tunnels, antennae 3, four strong arms, frail
1
a: Dig, Shaft Self


You were on level 2 of the Dungeon.
You visited 1 branch of the dungeon, and saw 2 of its levels.

You collected 96 gold pieces.

Inventory:

Hand Weapons
 a - a +1 quarterstaff (weapon)
Missiles
 c - 3 throwing nets (quivered)
 d - a javelin
 i - 2 poisoned darts
Armour
 b - a +1 leather armour (worn)
Scrolls
 h - a scroll of identify {unknown}
 j - a scroll of enchant armour
Potions
 e - 2 potions of might
 g - a potion of brilliance {unknown}


   Skills:
 - Level 2.1 Fighting
 + Level 4.5 Staves
 - Level 2.0 Throwing
 - Level 2.6 Dodging


You had 2 spell levels left.
You didn't know any spells.
Your spell library contained the following spells:

 Spells                   Type           Power      Damage    Failure   Level
 Beastly Appendage        Tmut           0%         N/A       50%         1
 Wereblood                Tmut           0%         N/A       63%         2
 Spider Form              Tmut/Pois      0%         N/A       86%         3


Dungeon Overview and Level Annotations

Branches:
Dungeon (2/15)

Altars:

Shops:
D:2 [

Annotations:
D:2 Robin


Innate Abilities, Weirdness & Mutations

You cannot be hasted, slowed, berserked, paralysed or teleported.
You can dig through walls and to a lower floor.
You have a pair of large antennae on your head. (SInv)
Your four strong arms can wield two-handed weapons with a shield.
You are frail. (-10% HP)


Message History

No target in view!
Things that are here:
a +0 club; a goblin corpse; a hobgoblin corpse No target in view!
There are monsters nearby!
The goblin shouts!
You hear a shout!
The goblin unwields a +0 club.
The goblin wields a +0 sling.
The goblin shoots a sling bullet.
The sling bullet hits you.
You hear a shout!
The goblin shoots a sling bullet.
The sling bullet hits you but does no damage.
Things that are here:
a +0 club; a goblin corpse; a hobgoblin corpse Robin roars a battlecry!
The goblins go into a battle-frenzy!
You hear a shout!
You hit Robin.
Robin is moderately wounded.
Robin hits you with a +2 whip of venom.
You are poisoned.
The goblin shoots a sling bullet.
The sling bullet barely misses you.
You thump Robin!
Robin is almost dead.
You feel very sick. Robin throws the goblin at you!
The goblin unwields a +0 sling.
The goblin wields a +0 club.
The goblin barely misses you. Robin hits you with a +2 whip of venom.
A rat comes into view.
It was a potion of might.
You feel very mighty all of a sudden.
You feel sick. The goblin misses you. The goblin hits you with a +0 dagger.
* * * LOW HITPOINT WARNING * * *
Robin throws the goblin at you!
Unknown command.
It was a potion of mutation.
You feel extremely strange.
You feel frail.
* * * LOW HITPOINT WARNING * * *
You feel sick. The goblin barely misses you.
The goblin hits you with a +0 dagger.
You die...

#..<# #.# #...#b..# #.# #.# .g#g#
####.# # #.##.## ..#.# ..
g..#.#.## ... #g .....{{ {{ ...
.# #..# ##.. #.#rg#######
#....@g†...# ....# # ###.g#####.#
#...## #.###..# #.# ####### .....
.....# #.# #.....# . #...# ##...#
##.####.....## .##...#
#...####.............
.##...####.##.........####.....##
.##.............#####.# #.(...#
..........[###.## #.# ###.###


You could see Robin, 2 goblins and a rat.

Vanquished Creatures
  An adder (D:2)
  A dart slug (D:1)
  4 ball pythons
  2 endoplasms (D:1)
  A giant cockroach (D:1)
  4 hobgoblins
  A jackal (D:1)
  A quokka (D:1)
  3 bats
  3 frilled lizards
  6 goblins
  2 kobolds (D:1)
  2 rats (D:1)
31 creatures vanquished.

Notes
Turn   | Place    | Note
-------+----------+-------------------------------------------
     0 | D:1      | MisterFreud the Formicid Gladiator began the quest for the
                  | Orb.
     0 | D:1      | Reached XP level 1. HP: 16/16 MP: 1/1
    19 | D:1      | You fall into a shaft and drop 1 floor!
   330 | D:1      | Reached XP level 2. HP: 21/22 MP: 2/2
   743 | D:1      | Reached skill level 4 in Staves
   743 | D:1      | Reached XP level 3. HP: 13/27 MP: 3/3
   972 | D:2      | Identified the +1 helmet "Lunoth" {Int+2}
   972 | D:2      | Noticed Robin
  1227 | D:2      | Found Vaestrorr's Antique Armour Boutique.
  1502 | D:2      | Gained mutation: You are frail. (-10% HP) [potion of
                  | mutation]
  1502 | D:2      | Slain by a goblin

Illustrated notes

Levels and vault maps discovered:
D:1:      scummos_arrival_gate, layout_basic, minmay_pentomino_x2
D:2:      layout_loops_ring, serial_shops, nicolae_lakefront_shop, uniq_robin

Skill      XL: |  1  2 |
---------------+-------+-----
Staves         | 4 |  4.5
Fighting       | |  2.1
Throwing       | |  2.0
Dodging        | |  2.6

Action                   || total
-------------------------++-------
Melee: Quarterstaff      ||    84
       Punch             ||     1
  Use: Scroll            ||     3
       Potion            ||     2
 Stab: Sleeping          ||     1
Armor: Leather armour    ||    43
Dodge: Dodged            ||    64
